AoeStats
← OhyehAJ

Arabia

503837046Analyzed
1v1 RM · 1mo ago on Sep 2, 2026· 21m 43s· 2 players
Game mode
Random Map
Map size
Tiny (2 player)
Population
200
Speed
Normal
Resources
Standard
Victory
Conquest
Starting age
Dark Age
Ending age
Imperial Age
RankedLock teamsTeams togetherTeam positionsShared explorationLock speedFull tech treeHidden civsTurbo modeCheats
Victory
Defeat
🇬🇧 Franks · United Kingdom
996
+15
🇪🇸 Britons · Spain
976
-15
bidente4
4:51 Loom
10:25 Feudal Age
10:59 Double-Bit Axe
11:56 Horse Collar
18:42 Forging
18:32 Scale Mail Armor
23:55 Castle Age
OhyehAJ
10:10 Feudal Age
8:26 Loom
15:15 Castle Age
13:32 Double-Bit Axe
15:27 Gold Mining
16:45 Forging
Connection lost

Rejoining the realm…

Still unreachable

The connection could not be restored.

Session expired

The server has moved on; the page needs a fresh start.